[Event "44th Chess Olympiad Open 2022"]
[Site "Chennai"]
[Date "2022.07.31"]
[Round "3.34"]
[White "Sousa, Andre Ventura"]
[Black "Mohamed Saeed Laily"]
[Result "1-0"]
[WhiteElo "2420"]
[BlackElo "2030"]
[Annotator "RC"]
[PlyCount "81"]
[EventDate "2022.??.??"]
[TimeControl "60"]

1. d4 d5 2. Nf3 Bf5 3. c4 e6 4. Nc3 Nc6 5. Bf4 Nf6 6. e3 a6 7. Rc1 h6 8. c5 Ne4 9. Nxe4 Bxe4 10. Nd2 Bh7 11. Qb3 Rb8 12. Be2 Be7 13.
O-O O-O 14. Qc3 Bg5 15. Bg3 Bh4 16. Bxh4 Qxh4 17. Nf3 Qe7 18. b4 Ra8 19. Rfd1 Rfd8 20. Qb2 f6 21. a4 a5 22. b5 Nb4 23. Nd2 b6 24. Nf3 Re8 25. Rc3 Rac8 26. Rdc1 Qd7 27. h3 Kf8 28. Qd2 Be4 29. Nh4 g5 30. Nf3 Bg6 31. Ne1 Kg7 32. Nd3 Bxd3 33. Bxd3 f5 34. Bb1 Kf6 35. Qe2 bxc5 36. Rxc5 Kg6 37. Qd2 Qd6 38. g4 c6 39. gxf5+ exf5 40. bxc6 Rxc6 41. Qxb4 1-0

[Event "44th Chess Olympiad Open 2022"]
[Site "Chennai"]
[Date "2022.07.31"]
[Round "3.34"]
[White "Al Hosani, Omran"]
[Black "Galego, Luis"]
[Result "0-1"]
[WhiteElo "2215"]
[BlackElo "2462"]
[Annotator "RC"]
[PlyCount "78"]
[EventDate "2022.??.??"]
[TimeControl "60"]

1. d4 Nf6 2. c4 e6 3. Nc3 Bb4 4. e3 Bxc3+ 5. bxc3 d6 6. Bd3 e5 7. Ne2 c5 8. O-O Nc6 9. d5 Na5 10. e4 h6 11. Ng3 g5 12. Nh5 Nxh5 13.
Qxh5 Qf6 14. Bd2 Bd7 15. Qe2 O-O-O 16. Rfb1 b6 17. a4 Rdg8 18. f3 h5 19. Qe3 Qg6 20. Kf2 f5 21. Ke2 g4 22. Kd1 gxf3 23.
gxf3 fxe4 24. fxe4 Qg1+ 25.
Qxg1 Rxg1+ 26. Kc2 Rg2 27. h4 Rf8 28. Rf1 Rxf1 29. Bxf1 Rh2 30. Bd3 Rxh4 31. Rg1 Bxa4+ 32. Kb1 Rh3 33. Bf1 Rh2 34. Rg8+ Kb7 35. Bg2 Bd1 36. Be3 Bg4 37. Rg7+ Ka6 38. Bf1 Rh1 39. Rf7 Be2 0-1

[Event "44th Chess Olympiad Open 2022"]
[Site "Chennai"]
[Date "2022.07.31"]
[Round "3.34"]
[White "Abdulrahman Mohammad, Al Taher"]
[Black "Santos, Jose Guilherme B Li"]
[Result "0-1"]
[WhiteElo "2029"]
[BlackElo "2361"]
[Annotator "RC"]
[PlyCount "94"]
[EventDate "2022.??.??"]
[TimeControl "60"]

1. d4 Nf6 2. c4 e6 3. Nc3 Bb4 4. e3 O-O 5. Bd3 c5 6. Nge2 cxd4 7. exd4 d5 8.
cxd5 exd5 9. O-O h6 10. h3 Nc6 11. Be3 Bd6 12. Bc2 Be6 13.
Nf4 Bxf4 14. Bxf4 Qb6 15. Bd6 Rfd8 16. Bc5 Qa5 17. Rb1 Rac8 18. Qd3 Nb4 19. Bxb4 Qxb4 20. a3 Qd6 21. Rbc1 a6 22. Na4 g6 23. Qe3 Kg7 24. Nc5 Rc7 25. Nxe6+ Qxe6 26. Qxe6 fxe6 27. Bd3 Rdc8 28. Rxc7+
Rxc7 29. f3 Nh5 30. Kf2 Nf4 31. Bb1 Rc4 32. Rd1 g5 33. Rd2 Kf6 34. Ba2 Rc1 35. Bb3 Rb1 36. Ke3 Rg1 37. g4 Re1+ 38. Kf2 Rh1 39.
Rc2 Rxh3 40. Rc7 Rh2+ 41. Kf1 b5 42. Rc2 Rh1+ 43. Kf2 Rd1 44.
Rc6 Rxd4 45. Rxa6 Rd2+ 46. Ke1 Rxb2 47. Bd1 Ng2+ 0-1

[Event "44th Chess Olympiad Open 2022"]
[Site "Chennai"]
[Date "2022.07.31"]
[Round "3.35"]
[White "Rakotomaharo, Fy Antenaina"]
[Black "Pasko, Llambi"]
[Result "1-0"]
[WhiteElo "2490"]
[BlackElo "2418"]
[Annotator "RC"]
[PlyCount "47"]
[EventDate "2022.??.??"]
[TimeControl "60"]

1. e4 c6 2. d4 d5 3. e5 Bf5 4. h4 h5 5. Bd3 Bxd3 6. Qxd3 e6 7. Bg5 Qb6 8. Nd2 Ne7 9. Ne2 Nf5 10. O-O Qa6 11. c4 Bb4 12. Ng3 g6 13. Nxf5 gxf5 14. Rfc1 Bxd2 15. Qxd2 dxc4 16. Qb4 c5 17. Qxc5 Nc6 18. Rxc4 Rg8 19. d5 exd5 20. Qxd5 Rg6 21. Rf4 Qe2 22. Rxf5 Re6 23. Rd1 Nxe5 24. Qd8+ 1-0

[Event "44th Chess Olympiad Open 2022"]
[Site "Chennai"]
[Date "2022.07.31"]
[Round "3.35"]
[White "Ashiku, Franc"]
[Black "Andrianiaina, Heritiana"]
[Result "0-1"]
[WhiteElo "2422"]
[BlackElo "2095"]
[Annotator "RC"]
[PlyCount "90"]
[EventDate "2022.??.??"]
[TimeControl "60"]

1. d4 Nf6 2. Nf3 e6 3. c4 b6 4. g3 Ba6 5. Qa4 c6 6. Nc3 b5 7. cxb5 cxb5 8. Nxb5 Qb6 9. e3 Bb7 10. Be2 Bc6 11. Qc4 a6 12. Nc3 Qb7 13.
e4 Nxe4 14. O-O Nxc3 15. Qxc3 Bb4 16. Qe3 O-O 17. Ne5 Bd5 18. Nd3 a5 19. Nf4 Be4 20. h4 Na6 21. a3 Be7 22. Re1 f5 23.
f3 Bc6 24. Nd3 Nc7 25. Nc5 Qb6 26. Bc4 f4 27. gxf4 Bxh4 28. Re2 Rae8 29. Bd3 Nd5 30. Qe5 Bf6 31. Qe4 g6 32. Rg2 Ne7 33. Qe3 Nf5 34. Bxf5 exf5 35. Qd3 d6 36. Nb3 Bd5 37. Nd2 Qxd4+ 38. Qxd4 Bxd4+ 39. Kh2 Re1 40. a4 Rc8 41. Ra3 Rcxc1 42. Rd3 Rh1+ 43. Kg3 Bf6 44. Rh2 Rxh2 45. Kxh2 Rc5 0-1

[Event "44th Chess Olympiad Open 2022"]
[Site "Chennai"]
[Date "2022.07.31"]
[Round "3.35"]
[White "Veleshnja, Zino"]
[Black "Rajerison, Mananihaja Charly"]
[Result "1-0"]
[WhiteElo "2263"]
[BlackElo "1912"]
[Annotator "RC"]
[PlyCount "61"]
[EventDate "2022.??.??"]
[TimeControl "60"]

1. d4 d6 2. Nf3 Bg4 3. g3 Nf6 4. Bg2 c6 5. O-O e6 6. c4 Nbd7 7. Nc3 Be7 8. b3 O-O 9. Bb2 Qa5 10. Qd2 Qh5 11. h4 Qf5 12. Nh2 Qa5 13.
Rad1 h6 14. Nxg4 Nxg4 15. Nd5 Qd8 16. Nxe7+ Qxe7 17. Qf4 Ngf6 18. Ba3 Ne8 19. e4 c5 20. dxc5 dxc5 21. e5 Rb8 22. Rd3 Nc7 23. Rfd1 Nb6 24. Rd6 Na6 25. Be4 Nb4 26. Bb1 Rbd8 27. Qe4 g6 28. Bc1 Kg7 29. Qf4 Nc6 30. Qxh6+ Kg8 31. Bg5 1-0

[Event "44th Chess Olympiad Open 2022"]
[Site "Chennai"]
[Date "2022.07.31"]
[Round "3.35"]
[White "Razanadrakotoarisoa, Toavina"]
[Black "Mehmeti, Dritan"]
[Result "0-1"]
[WhiteElo "2039"]
[BlackElo "2371"]
[Annotator "RC"]
[PlyCount "110"]
[EventDate "2022.??.??"]
[TimeControl "60"]

1. e4 c5 2. Nf3 d6 3. d4 cxd4 4. Nxd4 Nf6 5. Nc3 a6 6. a4 e5 7. Nf3 Be7 8. Bg5 Be6 9. Bxf6 Bxf6 10. Nd5 Nc6 11. Qd2 Rc8 12. a5 Bxd5 13.
exd5 Ne7 14. c4 e4 15. Nd4 O-O 16. Be2 Ng6 17. O-O Bxd4 18. Qxd4 f5 19. f4 exf3 20. Rxf3 f4 21. Raf1 Qg5 22. Rh3 Ne5 23. Qe4 g6 24. Rc3 Rce8 25. Qc2 h5 26. Bf3 Ng4 27. Bxg4 hxg4 28. Qd2 Qe5 29. c5 dxc5 30. d6 Rd8 31. d7 Rf7 32. Rd3 Qf5 33. Rd5 Rfxd7 34. Rxf5 Rxd2 35. Rxc5 Rxb2 36. Rg5 Kg7 37. Rxf4 Rd1+ 38. Rf1 Rxf1+ 39. Kxf1 Rb5 40. Rxg4 Rxa5 41. Rd4 Rb5 42. Ke2 Kf6 43. Rd6+ Kf5 44. Kf3 Rb3+ 45. Kf2 b6 46. h4 a5 47. Rd4 b5 48. Rd5+ Ke6 49. Rc5 a4 50.
g4 a3 51. Rc6+ Ke5 52. h5 gxh5 53. gxh5 Kd5 54. Ra6 b4 55. Kg2 Re3 0-1

[Event "44th Chess Olympiad Open 2022"]
[Site "Chennai"]
[Date "2022.07.31"]
[Round "3.36"]
[White "Keinanen, Toivo"]
[Black "Alfaro, William"]
[Result "1-0"]
[WhiteElo "2477"]
[BlackElo "2155"]
[Annotator "RC"]
[PlyCount "51"]
[EventDate "2022.??.??"]
[TimeControl "60"]

1. d4 Nf6 2. Nf3 c5 3. d5 b5 4. c3 Bb7 5. e4 a6 6. Bd3 e6 7. Bg5 h6 8. Bxf6 gxf6 9. c4 Bg7 10. O-O O-O 11. Nc3 b4 12. Ne2 f5 13.
Nf4 d6 14. exf5 exd5 15. cxd5 Nd7 16. Qd2 Ne5 17. Be4 Nxf3+ 18. gxf3 Kh8 19. Kh1 Rg8 20. Rg1 Qf6 21. Nh5 Qh4 22. f6 Qxh5 23. Qf4 Rae8 24. fxg7+ Rxg7 25. Qf6 Reg8 26. Rxg7 1-0

[Event "44th Chess Olympiad Open 2022"]
[Site "Chennai"]
[Date "2022.07.31"]
[Round "3.36"]
[White "Nyysti, Sampsa"]
[Black "Salazar Cabezas, Alberto Javier"]
[Result "1-0"]
[WhiteElo "2363"]
[BlackElo "2155"]
[Annotator "RC"]
[PlyCount "113"]
[EventDate "2022.??.??"]
[TimeControl "60"]

1. e4 e6 2. d4 d5 3. e5 c5 4. c3 Nc6 5. Nf3 Bd7 6. Be2 Nge7 7. O-O Nf5 8.
a3 cxd4 9. c4 dxc4 10. Bxc4 Be7 11. Re1 h5 12. b4 g5 13. Bb2 g4 14. Nxd4 Ncxd4 15. Bxd4 Bc6 16. Bb2 Qxd1 17. Rxd1 Ba4 18. Re1 Rc8 19. Bd3 O-O 20. Nc3 Bb3 21. Be4 b6 22. Nb5 Ba4 23. Nc3 Bb3 24. Bb7 Rc7 25. Ba6 Bc4 26. Nb5 Bxb5 27. Bxb5 Rc2 28. Re2 Rfc8 29. Kf1 Rxe2 30. Bxe2 Rc2 31. Rb1 a5 32. Bd1 Rd2 33. Ke1 Rd8 34. bxa5 bxa5 35. Bc2 Nd4 36. Be4 a4 37. Rd1 Nb3 38. Rxd8+ Bxd8 39. Bc6 Nc5 40. Kd2 Ba5+ 41. Kc2 Kg7 42. Bd4 Nb3 43. Be3 Bc7 44. Bxa4 Na5 45. Kd3 Bxe5 46. Bb6 Nb7 47. Bc6 Nd6 48. a4 Nc8 49. Bd4 Kf6 50. a5 h4 51. a6 Bxd4 52. Kxd4 Ke7 53. Kc5 Kd8 54. Bb7 Kc7 55. Bxc8 Kxc8 56. Kd6 Kb8 57. g3 1-0

[Event "44th Chess Olympiad Open 2022"]
[Site "Chennai"]
[Date "2022.07.31"]
[Round "3.36"]
[White "Rocha, Maximiliano"]
[Black "Sklyarov, Dmitry V."]
[Result "1/2-1/2"]
[WhiteElo "2117"]
[BlackElo "2474"]
[Annotator "RC"]
[PlyCount "168"]
[EventDate "2022.??.??"]
[TimeControl "60"]

1. d4 g6 2. c4 Bg7 3. Nc3 d6 4. e4 e5 5. d5 Nd7 6. Be2 a5 7. Be3 Bh6 8. Bxh6 Nxh6 9. Qd2 Ng8 10. h4 h5 11. O-O-O Nc5 12. Nf3 Bd7 13. Ng5 f6 14. Nh3 Qe7 15. f3 Qg7 16. Rdf1 Nh6 17. Nf2 Nf7 18. Nd3 Nxd3+ 19. Qxd3 g5 20. g3 gxh4 21. gxh4 Qh6+ 22. Kb1 Ke7 23. Nd1 Rhg8 24. Ne3 b6 25. Rd1 Qf4 26. b3 Rg3 27. Kb2 Rag8 28. a3 f5 29. Nxf5+ Bxf5 30. exf5 Rg2 31. Rde1 Nh6 32. Kc3 Nxf5 33. Bd1 R8g3 34. Rhf1 Ra2 35. Bc2 Rg2 36. Bb1 Rab2 37. Re4 Qh2 38. Rfe1 Kd8 39. Rxe5 dxe5 40. Qxf5 Qf4 41. Qxf4 exf4 42. Be4 Rbe2 43. Rb1 Ke7 44. b4 axb4+ 45. axb4 Kd6 46. Kd4 Rb2 47. c5+ Kd7 48. Bf5+ Kd8 49. cxb6 Rxb1 50. bxc7+ Kxc7 51. Bxb1 Kd6 52. Ke4 Rb2 53. Bd3 Rxb4+ 54. Kf5 Kxd5 55. Be4+ Kd6 56. Kxf4 Rb5 57. Bf5 Ke7 58. Kg5 Kf7 59. Kf4 Kf6 60. Be4 Rb6 61. Bd5 Rb1 62. Bc6 Rc1 63. Bb7 Rh1 64. Kg3 Kf5 65. Bc6 Rg1+ 66. Kh2 Rg8 67. Bd5 Rg7 68. Bc6 Kf4 69. Bd5 Ke3 70. Bc6 Kf2 71. Bd5 Rg3 72. Bc6 Rg2+ 73. Kh3 Rg6 74. Be4 Rg1 75. Kh2 Ra1 76. Bd5 Ra5 77. Bc6 Ra6 78. Bd5 Ra4 79. Be4 Rb4 80. Kh3 Ke3 81. Kg3 Rb8 82. Bd5 Rd8 83. Be4 Rg8+ 84. Kh2 Kf4 1/2-1/2

[Event "44th Chess Olympiad Open 2022"]
[Site "Chennai"]
[Date "2022.07.31"]
[Round "3.36"]
[White "Espinoza Solano, Jose Nahum"]
[Black "Koykka, Pekka"]
[Result "0-1"]
[WhiteElo "2093"]
[BlackElo "2361"]
[Annotator "RC"]
[PlyCount "64"]
[EventDate "2022.??.??"]
[TimeControl "60"]

1. e4 c6 2. d4 d5 3. exd5 cxd5 4. c4 Nf6 5. Nc3 Nc6 6. Nf3 Be6 7. c5 g6 8. Bb5 Bg7 9. Bxc6+ bxc6 10. Ne5 Qc8 11. Qa4 Bd7 12. O-O O-O 13.
Bg5 Be8 14. Rfe1 h6 15. Bh4 g5 16. Bg3 Nh5 17. Qd1 f6 18.
Nd3 Nxg3 19. fxg3 e6 20. Qe2 Bg6 21. Qxe6+ Qxe6 22. Rxe6 Bxd3 23. Rxc6 f5 24. Nxd5 Be4 25. Ne7+ Kf7 26. Rc7 Bxd4+ 27. Kh1 Be5 28. Rd7 Ke6 29. c6 Rf7 30. Ng6 Rxd7 31. cxd7 Bxb2 32. Rd1 Rd8 0-1

[Event "44th Chess Olympiad Open 2022"]
[Site "Chennai"]
[Date "2022.07.31"]
[Round "3.37"]
[White "Goh, Wei Ming Kevin"]
[Black "Lama, Milan"]
[Result "1-0"]
[WhiteElo "2453"]
[BlackElo "2024"]
[Annotator "RC"]
[PlyCount "69"]
[EventDate "2022.??.??"]
[TimeControl "60"]

1. e4 c5 2. Nf3 g6 3. c3 Bg7 4. d4 cxd4 5. cxd4 d5 6. e5 Bg4 7. Bb5+ Nd7 8.
Nbd2 Nh6 9. O-O O-O 10. h3 Bxf3 11. Nxf3 a6 12. Bd3 e6 13. Bg5 f6 14. exf6 Nxf6 15. Re1 Qb6 16. Qb3 Qxb3 17. axb3 Rfe8 18. Rac1 Re7 19. Bd2 Nf7 20. Bb4 Ree8 21. Rc7 Nd8 22. Bd6 Bf8 23. Bf4 Nh5 24. Bg5 Bb4 25. Rec1 Nf7 26. Be3 Rab8 27. g4 Ng7 28. Bf4 Bd6 29. Rxf7 Kxf7 30. Bxd6 Rbc8 31. Re1 Kg8 32. b4 Rc6 33. Bc5 b5 34. Ra1 Rec8 35. Ne5 1-0

[Event "44th Chess Olympiad Open 2022"]
[Site "Chennai"]
[Date "2022.07.31"]
[Round "3.37"]
[White "Thing, Bibek"]
[Black "Tin, Jingyao"]
[Result "0-1"]
[WhiteElo "2260"]
[BlackElo "2552"]
[Annotator "RC"]
[PlyCount "82"]
[EventDate "2022.??.??"]
[TimeControl "60"]

1. e4 c6 2. d4 d5 3. e5 c5 4. dxc5 e6 5. Be3 Nd7 6. Bb5 Ne7 7. g4 Nc6 8. Nf3 Bxc5 9. Bxc5 Nxc5 10. Nc3 a6 11. Bxc6+ bxc6 12. Qd2 Qb6 13. b3 a5 14. O-O O-O 15. g5 Nd7 16. h4 Qb4 17. Kh2 c5 18. Rg1 Bb7 19. a3 Nxe5 20.
Nxe5 Qxh4+ 21. Kg2 d4+ 22. f3 dxc3 23. Qxc3 Qxg5+ 24. Kf2 Qh4+ 25. Ke3 f6 26. Nd3 Rac8 27. Nf4 g5 28. Rg4 Qh6 29. Rag1 Rf7 30. Qc4 Re7 31. Kd2 Kh8 32. Nd3 Bxf3 33. R4g3 g4+ 34. Kc3 Qe3 35. Qa6 Qd4+ 36. Kd2 Rd8 37. Qxa5 e5 38. Kc1 c4 39. Rxg4 Bxg4 40. Rxg4 e4 41. bxc4 Rb8 0-1

[Event "44th Chess Olympiad Open 2022"]
[Site "Chennai"]
[Date "2022.07.31"]
[Round "3.37"]
[White "Wong, Zhenyong Jayden"]
[Black "Jaiswal, Rupesh"]
[Result "1/2-1/2"]
[WhiteElo "2163"]
[BlackElo "2083"]
[Annotator "RC"]
[PlyCount "81"]
[EventDate "2022.??.??"]
[TimeControl "60"]

1. d4 Nf6 2. c4 g6 3. g3 Bg7 4. Bg2 O-O 5. Nc3 d6 6. Nf3 a6 7. O-O Nc6 8. b3 e5 9. dxe5 Ng4 10. Bb2 Ngxe5 11. Nxe5 dxe5 12. Qxd8 Rxd8 13. Rfd1 Be6 14. Bd5 Bxd5 15. cxd5 Nd4 16. Kg2 c6 17. e3 Nc2 18. Rac1 Nb4 19. dxc6 Nxc6 20. Ne4 Rxd1 21. Rxd1 Rd8 22. Rxd8+ Nxd8 23. g4 h6 24. h4 Kf8 25. f4 exf4 26. Ba3+ Ke8 27. exf4 Kd7 28. f5 Be5 29. Kf3 gxf5 30. gxf5 h5 31. Bc1 Nc6 32. Nc5+ Kd6 33. Nxb7+ Kd5 34. Be3 Ne7 35. Nc5 Nxf5 36. Nxa6 Nxh4+ 37. Kf2 Nf5 38. Nb4+ Ke4 39. Bc5 h4 40. Kg2 Ng7 41. Bf2 1/2-1/2

[Event "44th Chess Olympiad Open 2022"]
[Site "Chennai"]
[Date "2022.07.31"]
[Round "3.37"]
[White "Bhandari, Kshitiz"]
[Black "Siddharth, Jagadeesh"]
[Result "0-1"]
[WhiteElo "2071"]
[BlackElo "2426"]
[Annotator "RC"]
[PlyCount "82"]
[EventDate "2022.??.??"]
[TimeControl "60"]

1. Nf3 Nf6 2. d4 e6 3. c4 b6 4. g3 Bb7 5. Bg2 Bb4+ 6. Nbd2 O-O 7. O-O Be7 8. Qc2 d5 9. Rd1 c5 10. dxc5 bxc5 11. cxd5 exd5 12. Nh4 Re8 13. b3 Bf8 14. e3 Nbd7 15. Bb2 Qb6 16. e4 dxe4 17. Nc4 Qe6 18.
Bf1 Rad8 19. Ng2 Nd5 20. a3 N7f6 21. Re1 Qf5 22. Nge3 Qg6 23.
Bg2 Nxe3 24. fxe3 Ng4 25. Rad1 Rxd1 26. Qxd1 Ba6 27. Bh3 Bxc4 28. bxc4 h5 29. Bc3 Bd6 30. Bxg4 hxg4 31. Qa4 Qe6 32. Rd1 Rb8 33. Kg2 Qh6 34. Qd7 Qh3+ 35. Kg1 Bxg3 36. hxg3 Qxg3+ 37. Kf1 Qf3+ 38. Kg1 Qxe3+ 39. Kf1 Qxc3 40. Qxg4 Qxc4+ 41.
Kg1 Qe6 0-1

[Event "44th Chess Olympiad Open 2022"]
[Site "Chennai"]
[Date "2022.07.31"]
[Round "3.38"]
[White "Shishkov, Andrei"]
[Black "Lorne, Ras Malaku"]
[Result "1-0"]
[WhiteElo "2366"]
[BlackElo "2079"]
[Annotator "RC"]
[PlyCount "97"]
[EventDate "2022.??.??"]
[TimeControl "60"]

1. d4 Nf6 2. c4 e6 3. Nc3 Bb4 4. Qc2 d5 5. cxd5 exd5 6. Bg5 h6 7. Bh4 Nc6 8. e3 g5 9. Bg3 Ne4 10. f3 Nxg3 11. hxg3 Qe7 12. Kf2 Bxc3 13. Qxc3 Bd7 14. Rc1 h5 15. Bd3 O-O-O 16. a3 f5 17. Ne2 Rde8 18. Bb1 Rh6 19. Rhe1 Re6 20. Ng1 f4 21. e4 fxg3+ 22. Kf1 Kb8 23. Ba2 Qd6 24. Bxd5 R6e7 25. Qb3 Nd8 26. e5 Qh6 27. Qe3 h4 28. Ke2 Qa6+ 29. Qd3 Qb6 30. b4 Bb5 31. Bc4 Ne6 32. Kf1 Nxd4 33. Bxb5 Nxb5 34. Rc5 c6 35. Nh3 Rg7 36. e6 g4 37. fxg4 Nc7 38. Qd6 Rge7 39. Nf4 Kc8 40. Re2 Nb5 41. Qe5 Rf8 42. Ke1 Nc7 43. Qg5 Rfe8 44. Qxh4 Nxe6 45. Nd5 Qd8 46. Nxe7+ Rxe7 47. Rh5 Qd3 48. Rh8+ Kd7 49. Rd2 1-0

[Event "44th Chess Olympiad Open 2022"]
[Site "Chennai"]
[Date "2022.07.31"]
[Round "3.38"]
[White "Kiik, Kalle"]
[Black "Christie, Joshua"]
[Result "1-0"]
[WhiteElo "2365"]
[BlackElo "2272"]
[Annotator "RC"]
[PlyCount "79"]
[EventDate "2022.??.??"]
[TimeControl "60"]

1. Nf3 Nf6 2. g3 d5 3. Bg2 g6 4. c4 d4 5. b4 c5 6. a3 Bg7 7. d3 O-O 8. O-O Re8 9. Nbd2 e5 10. Ng5 Qc7 11. Nge4 Nbd7 12. Qa4 Re7 13. Rb1 h6 14. bxc5 Nxe4 15. Nxe4 f5 16. c6 Nb6 17. Qb3 Qxc6 18. Nc3 Qe8 19. Nb5 Kh7 20. a4 Qd8 21. Ba3 Nd7 22. a5 Re6 23.
c5 Ra6 24. Bb4 Nb8 25. Qf7 Rf6 26. Qc7 Qg8 27. Bxb7 Bxb7 28. Qxb7 Nc6 29. Nd6 Qd5 30. Qxa8 Rf8 31. Qb7 e4 32. Ba3 exd3 33. exd3 Rd8 34. Qb3 Qf3 35. Qd1 Qd5 36. f4 Ne7 37. Qb3 Qc6 38. Qb7 Qa4 39. Qxe7 Rd7 40. Qe6 1-0

[Event "44th Chess Olympiad Open 2022"]
[Site "Chennai"]
[Date "2022.07.31"]
[Round "3.38"]
[White "Smith, Shreyas"]
[Black "Volodin, Aleksandr"]
[Result "0-1"]
[WhiteElo "2147"]
[BlackElo "2454"]
[Annotator "RC"]
[PlyCount "156"]
[EventDate "2022.??.??"]
[TimeControl "60"]

1. e4 c5 2. Nf3 Nc6 3. d4 cxd4 4. Nxd4 e6 5. Nc3 Qc7 6. Be3 Nf6 7. f4 d6 8. Qf3 a6 9. O-O-O h5 10. Be2 Bd7 11. Nb3 Rc8 12. Kb1 b5 13.
a3 b4 14. axb4 Nxb4 15. Rd2 Bc6 16. Bd3 Be7 17. Re1 Rb8 18.
Qf1 Nxd3 19. Qxd3 O-O 20. Bd4 e5 21. fxe5 dxe5 22. Qg3 Bd6 23.
Ba7 Rbd8 24. Rxd6 Rxd6 25. Bc5 Rb8 26. Bxd6 Qxd6 27. Rd1 Qe6 28. Qd3 Qc8 29. Nd5 Nxd5 30. exd5 Bd7 31. Qe3 Bf5 32. Rd2 Qb7 33. Kc1 f6 34. d6 Be6 35. Qc3 Bxb3 36. cxb3 Rd8 37. Qc4+ Kf8 38. Kb1 Qb5 39. Rd5 Qxc4 40. bxc4 Ke8 41. c5 Kd7 42. Rd3 Kc6 43. Rc3 h4 44. Kc2 a5 45. b3 f5 46. Kd3 Rb8 47. Ke2 h3 48.
g4 g6 49. Kf3 Rf8 50. Kg3 Rh8 51. Rc2 Kd5 52. d7 f4+ 53. Kf3 Kc6 54. Ke4 Kxd7 55. Kxe5 Rf8 56. Kd5 Kc7 57. Rf2 f3 58. c6 g5 59. Kc5 Rf4 60. Kd5 Rf6 61. Ke5 Rf8 62. Kd5 Rf7 63. Kc5 Rf6 64. Kb5 Rf8 65. Kc5 Rf4 66. Kd5 Kb6 67. Rc2 f2 68. c7 f1=Q 69. Rc6+ Kb5 70. Rc5+ Kb4 71. c8=Q Qf3+ 72. Kd6 Rf6+ 73. Ke7 Rf7+ 74. Kd6 Qf6+ 75. Kd5 Qf3+ 76. Kd6 Qf4+ 77. Ke6 Rf6+ 78. Kd7 Qd6+ 0-1

[Event "44th Chess Olympiad Open 2022"]
[Site "Chennai"]
[Date "2022.07.31"]
[Round "3.38"]
[White "Shaw, Jaden"]
[Black "Kanep, Meelis"]
[Result "1/2-1/2"]
[WhiteElo "1930"]
[BlackElo "2417"]
[Annotator "RC"]
[PlyCount "78"]
[EventDate "2022.??.??"]
[TimeControl "60"]

1. e4 e5 2. Nf3 Nc6 3. d4 exd4 4. Nxd4 Nf6 5. Nxc6 bxc6 6.
Bd3 d5 7. e5 Ng4 8. O-O Bc5 9. Bf4 g5 10. Bd2 Nxe5 11. Bc3 d4 12. Re1 dxc3 13. Rxe5+ Kf8 14. Nxc3 Bxf2+ 15. Kh1 Bd4 16. Re1 h5 17. Be4 Bg4 18. Qd3 Bf2 19. Qc4 Bxe1 20. Rxe1 Be6 21. Qc5+ Qe7 22. Qd4 Rh6 23. Bxc6 Rd8 24. Qxa7 Qd6 25. Be4 Qb6 26. Qa3+ c5 27. Bd3 Qb4 28. Qa7 c4 29. a3 Qd6 30. Nb5 Qc6 31. Qa5 Rb8 32. Nd4 Qd5 33.
Qc7 Re8 34. Nxe6+ Rhxe6 35. Rf1 Rc6 36. Qg3 cxd3 37. cxd3 Rc2 38. b4 Re3 39. Qb8+ Kg7 1/2-1/2

[Event "44th Chess Olympiad Open 2022"]
[Site "Chennai"]
[Date "2022.07.31"]
[Round "3.39"]
[White "Fluvia Poyatos, Jordi"]
[Black "Ajak Mach Duany"]
[Result "1/2-1/2"]
[WhiteElo "2451"]
[BlackElo "2029"]
[Annotator "RC"]
[PlyCount "83"]
[EventDate "2022.??.??"]
[TimeControl "60"]

1. e4 c5 2. Nf3 d6 3. Bb5+ Nd7 4. O-O a6 5. Bxd7+ Bxd7 6. Qe2 e6 7. Rd1 Ne7 8. c3 Ng6 9. d4 cxd4 10. cxd4 Be7 11. Nc3 O-O 12. a4 b5 13. axb5 axb5 14. Rxa8 Qxa8 15. d5 b4 16. dxe6 fxe6 17. Nb5 Rc8 18. Nbd4 Qa5 19. g3 Rf8 20. h4 Qh5 21. Ng5 Qxe2 22. Nxe2 h6 23.
Nh3 e5 24. Kg2 Bg4 25. Nhg1 Rc8 26. Rd5 Rc2 27. Rd2 Rc8 28. Rd5 Nf8 29. Rb5 Rc2 30. f3 Bd7 31. Rb7 d5 32. exd5 Bc5 33. Rc7 Bb5 34. Be3 Rxe2+ 35. Nxe2 Bxe3 36. Ng1 Nd7 37. Nh3 Kf8 38. Nf2 Bb6 39. Rc8+ Ke7 40. Ne4 Ba4 41. Rc4 Ba5 42. Rc1 1/2-1/2

[Event "44th Chess Olympiad Open 2022"]
[Site "Chennai"]
[Date "2022.07.31"]
[Round "3.39"]
[White "Ribera Veganzones, Josep Maria"]
[Black "Peter Majur Manyang"]
[Result "0-1"]
[WhiteElo "2228"]
[BlackElo "2095"]
[Annotator "RC"]
[PlyCount "62"]
[EventDate "2022.??.??"]
[TimeControl "60"]

1. e4 c5 2. Nf3 Nc6 3. Bb5 a6 4. Bxc6 dxc6 5. d3 Bg4 6. h3 Bh5 7. Be3 e6 8. Nbd2 Nf6 9. O-O Qc7 10. a3 O-O-O 11. Rb1 Rg8 12. Qc1 Nd7 13. b4 cxb4 14. axb4 g5 15. g4 f5 16. Nd4 fxg4 17. Nc4 Ne5 18.
Nxe5 Qxe5 19. hxg4 Bxg4 20. Kg2 Rxd4 21. Bxd4 Qxd4 22. Rh1 Bd6 23. Qb2 Bf3+ 24. Kxf3 Rf8+ 25. Kg4 Qxf2 26. Rbg1 Qf4+ 27. Kh5 Qf7+ 28. Kxg5 Qg6+ 29. Kh4 Rf4+ 30. Kh3 Rf3+ 31. Kh4 Be7+ 0-1

[Event "44th Chess Olympiad Open 2022"]
[Site "Chennai"]
[Date "2022.07.31"]
[Round "3.39"]
[White "Gong Thon Gong"]
[Black "De La Riva Aguado, Oscar"]
[Result "0-1"]
[WhiteElo "2176"]
[BlackElo "2424"]
[Annotator "RC"]
[PlyCount "86"]
[EventDate "2022.??.??"]
[TimeControl "60"]

1. d4 f5 2. Nf3 Nf6 3. g3 g6 4. c4 Bg7 5. Bg2 O-O 6. O-O d6 7. Nc3 c6 8. Re1 Na6 9. a3 Ne4 10. Qd3 Nxc3 11. Qxc3 Nc5 12. b4 Ne4 13. Qb3 Be6 14. Qd3 a5 15. Be3 Bf7 16. Ng5 Nxg5 17. Bxg5 h6 18. Bd2 e5 19. e4 axb4 20. axb4 Rxa1 21. Rxa1 exd4 22. exf5 gxf5 23. b5 Qb6 24. Qxf5 Bxc4 25. Qg4 Qxb5 26. Be4 Qb2 27. Rd1 Rf6 28. Qc8+ Rf8 29. Qg4 Rf6 30. Qc8+ Bf8 31. Qg4+ Bg7 32. Qc8+ Bf8 33. Qg4+ Kh8 34. Bb1 Bg7 35. h4 Be6 36. Qh5 Bf7 37. Qg4 c5 38. Qc8+ Bg8 39. Bf4 Qe2 40. Rf1 Qf3 41. Re1 Rf8 42. Re8 Rxe8 43. Qxe8 Qd1+ 0-1

[Event "44th Chess Olympiad Open 2022"]
[Site "Chennai"]
[Date "2022.07.31"]
[Round "3.39"]
[White "Rehan, Deng Cypriano"]
[Black "Henderson de La Fuente, Lance"]
[Result "0-1"]
[WhiteElo "2105"]
[BlackElo "2490"]
[Annotator "RC"]
[PlyCount "97"]
[EventDate "2022.??.??"]
[TimeControl "60"]

1. e4 c6 2. d4 d5 3. Nc3 dxe4 4. Nxe4 Bf5 5. Nc5 Qc7 6. Nf3 h6 7. Ne5 e6 8. Bf4 Bd6 9. Bd3 Bxd3 10. Qxd3 Nf6 11. O-O-O b6 12. Ne4 Nxe4 13. Qxe4 Nd7 14. Bg3 Nxe5 15. Bxe5 O-O 16. Rd3 Bxe5 17. dxe5 Rad8 18. Rhd1 Rd5 19. Rxd5 cxd5 20. Qe2 Rc8 21. c3 Qc4 22. Qxc4 Rxc4 23. f3 Kh7 24. Kd2 Ra4 25. a3 Kg6 26. Ke3 Kf5 27. Rd4 Ra5 28. Rf4+ Kg6 29. h4 f5 30. exf6 gxf6 31. Rg4+ Kf7 32. h5 Rc5 33. Kd3 Rc8 34. Rg6 Rg8 35. Rxg8 Kxg8 36. c4 dxc4+ 37. Kxc4 a6 38. a4 Kf7 39. g4 Ke7 40. a5 b5+ 41. Kc5 Kd7 42. Kb6 b4 43. Kxa6 Kc6 44. b3 e5 45. Ka7 Kc7 46. a6 Kc8 47. Kb6 Kb8 48.
Kb5 Kc7 49. Kc5 0-1

[Event "44th Chess Olympiad Open 2022"]
[Site "Chennai"]
[Date "2022.07.31"]
[Round "3.40"]
[White "Baburin, Alexander"]
[Black "Jimma, Desalegn Fekadu"]
[Result "1-0"]
[WhiteElo "2400"]
[BlackElo "2112"]
[Annotator "RC"]
[PlyCount "79"]
[EventDate "2022.??.??"]
[TimeControl "60"]

1. d4 d5 2. c4 e6 3. Nf3 c6 4. Qc2 Nf6 5. g3 Bd6 6. Nbd2 Nbd7 7. Bg2 O-O 8.
O-O Re8 9. b3 e5 10. cxd5 cxd5 11. dxe5 Nxe5 12. Bb2 Bg4 13.
Bxe5 Bxe5 14. Nxe5 Rxe5 15. e3 Qd7 16. Rac1 Ree8 17. Nf3 Rac8 18. Qb2 Bh3 19. Rxc8 Rxc8 20. Rc1 Rxc1+ 21. Qxc1 Bxg2 22. Kxg2 Ne4 23. Nd4 h5 24. h4 a6 25. Qc2 g6 26. a4 Kg7 27. Ne2 Qc6 28.
Qxc6 bxc6 29. b4 c5 30. f3 cxb4 31. fxe4 dxe4 32. Nd4 g5 33. Kf2 gxh4 34. gxh4 Kf6 35. a5 Kg6 36. Ke2 f6 37. Kd2 f5 38. Kc2 Kf6 39. Kb3 f4 40. exf4 1-0